Map: Simulacrum LE

Players

meeK

  • Race: Protoss Protoss
  • League: Diamond
  • Spawn Location: 5:00

Vermillion - Winner!

  • Race: Terran Terran
  • League: Diamond
  • Spawn Location: 11:00

VOD

Have the link to the VOD?

Description

Time

  • Played on: April 26, 2020, 3:37 p.m.
  • Length: 8:13
Show
View Real Time Build Order
Export as new Build Order

meeK Protoss 

Build Orders: Blink Stalkers 

Get SALT Encoding   

  12  0:00  Probe  
  13  0:13  Probe  
  14  0:17  Pylon  
  14  0:25  Probe  
  15  0:38  Probe  
  15  0:39  Gateway  
  16  0:48  Assimilator  
  16  0:50  Probe  
  16  0:57  Pylon  
  17  1:02  Probe  
  18  1:16  Gateway  
  18  1:20  Gateway  
  18  1:34  Cybernetics Core  
  18  1:35  Probe  
  19  1:56  Assimilator  
  19  1:57  Probe  
  20  2:07  Adept (Chrono Boost)  
  22  2:20  Probe  
  22  2:22  Warp Gate (Chrono Boost)  
  23  2:24  Pylon  
  23  2:30  Twilight Council  
  23  2:32  Probe, Adept (Chrono Boost)  
  26  2:44  Probe  
  27  2:57  Sentry, Nexus  
  30  3:27  Probe  
  30  3:28  Pylon  
  30  3:31  Stalker (Chrono Boost)  
  31  3:42  Probe  
  31  3:43  Blink (Chrono Boost)  
  32  3:50  Gateway  
  32  3:52  Gateway  
  32  3:54  Probe  
  33  4:06  Probe  
  34  4:14  Dark Shrine  
  34  4:29  Nexus  
  34  4:32  Probe  
  35  4:45  Robotics Facility  
  35  4:51  Probe (Chrono Boost)  
  37  4:55  Probe (Chrono Boost)  
  38  5:01  Probe (Chrono Boost)  
  38  5:05  Probe (Chrono Boost)  
  38  5:06  Probe (Chrono Boost)  
  39  5:08  Stalker  
  39  5:09  Stalker  
  44  5:17  Probe  
  44  5:19  Probe  
  46  5:28  Charge (Chrono Boost)  
  46  5:29  Dark Templar  
  46  5:33  Stalker  
  46  5:34  Probe x2  
  52  5:38  Assimilator  
  52  5:46  Probe  
  53  5:52  Zealot  
  55  6:03  Zealot  
  55  6:04  Zealot  
  39  6:23  Stalker  
  39  6:25  Stalker  
  35  6:26  Stalker  
  35  6:27  Probe (Chrono Boost)  
  35  6:29  Probe x2 (Chrono Boost)  
  39  6:39  Probe (Chrono Boost)  
  41  6:42  Pylon  
  41  6:45  Probe (Chrono Boost)  
  41  6:48  Probe (Chrono Boost)  
  41  6:49  Probe (Chrono Boost)  
  41  6:51  Probe  
  44  6:58  Zealot  
  46  7:04  Zealot  
  43  7:11  Stalker  
  41  7:27  Zealot x2  
  45  7:35  Zealot  
  47  7:41  Probe (Chrono Boost)  
  47  7:42  Gateway  
  49  7:45  Probe (Chrono Boost)  
  49  7:47  Probe (Chrono Boost)  
  51  7:52  Probe (Chrono Boost)  
Show
View Real Time Build Order
Export as new Build Order

Vermillion Terran - Winner!

Build Orders: Liberator Opening 

Get SALT Encoding   

  12  0:00  SCV  
  13  0:12  SCV  
  14  0:17  Supply Depot  
  14  0:25  SCV  
  15  0:29  Refinery  
  15  0:39  SCV  
  16  0:46  Barracks  
  16  0:51  SCV  
  17  1:03  SCV  
  18  1:15  SCV  
  19  1:34  Bunker  
  19  1:35  Reaper  
  19  1:36  Supply Depot, Orbital Command  
  20  1:51  Factory  
  20  2:06  Engineering Bay  
  20  2:08  SCV  
  21  2:10  Refinery  
  21  2:14  Barracks Reactor  
  20  2:30  SCV  
  20  2:36  Factory Tech Lab  
  21  2:43  SCV  
  22  2:50  Command Center  
  22  2:52  Marine x2  
  22  2:55  SCV  
  22  2:56  Widow Mine  
  27  3:13  SCV  
  27  3:14  Starport  
  31  3:33  SCV  
  29  3:37  Barracks x2  
  29  3:42  Factory Reactor  
  29  3:47  SCV  
  30  3:55  Marine  
  30  4:01  Marine, Liberator  
  30  4:02  Orbital Command  
  35  4:10  SCV  
  36  4:17  Engineering Bay  
  36  4:22  SCV  
  36  4:24  Orbital Command  
  37  4:25  Stimpack  
  37  4:26  Marine  
  37  4:27  Barracks Reactor, Marauder, Marine  
  37  4:29  Barracks Tech Lab  
  41  4:36  Widow Mine x2  
  44  4:40  SCV  
  45  4:45  Terran Infantry Weapons Level 1  
  45  4:54  Starport Reactor  
  45  4:57  SCV  
  46  5:01  Supply Depot  
  46  5:08  Combat Shield  
  46  5:22  SCV x2, Supply Depot  
  46  5:23  Supply Depot, Marauder  
  46  5:28  Supply Depot x2  
  50  5:30  Marauder, Marine  
  50  5:34  SCV  
  54  5:40  Missile Turret  
  54  5:44  SCV, Medivac  
  54  5:46  Marauder  
  59  5:54  Marine x3  
  62  6:01  SCV x2  
  64  6:07  Concussive Shells, Marine  
  64  6:08  Widow Mine  
  64  6:09  Widow Mine  
  69  6:12  Marine x2  
  69  6:13  SCV x2  
  73  6:22  Medivac, Missile Turret  
  73  6:24  Missile Turret  
  73  6:25  SCV, Supply Depot  
  76  6:32  Marine x2  
  80  6:33  Marauder  
  81  6:40  Widow Mine x2, Marine  
  81  6:41  SCV  
  81  6:46  Supply Depot  
  83  6:50  Marine  
  84  6:57  Marine x2  
  84  6:58  Marauder  
  88  7:06  SCV x2  
  90  7:08  Refinery  
  90  7:09  Marine  
  90  7:10  Refinery  
  90  7:12  Engineering Bay  
  91  7:15  Marauder  
  91  7:17  Widow Mine x2  
  91  7:18  SCV  
  91  7:21  Marine x2  
  94  7:23  SCV  
  94  7:27  Medivac  
  95  7:37  Marauder  
  97  7:42  Supply Depot  
  97  7:44  Supply Depot  
  97  7:45  Command Center  
  93  7:53  Marine x2  
  93  7:54  Marine  
Tags
 
Add a new tag
Caveats
  • Supply blocks, unpowered buildings, or Contaminate may cause inaccurate times.
  • Supply counts are checked every 10 seconds.